TOP OF THE 1ST |
Salt Lake City Buzz batting - Pitching for Bangor Trident Base Ogres : RHP Jim Unknown
|
Pitching: RHP Jim Unknown
|
|
Batting: RHB Roberto Ríos
|
0-0: Ball 1-0: Ball 2-0: Called Strike 2-1: Swinging Strike 2-2: Foul Ball, location: 2F 2-2: Strikes out looking
|
Batting: RHB Ichiyo Fujii
|
0-0: Ball 1-0: Called Strike 1-1: Ball 2-1: Foul Ball, location: 2F 2-2: Ball 3-2: Fly out, F9 (Line Drive, 9S)
|
Batting: SHB Raymond Bright
|
0-0: Swinging Strike 0-1: Foul Ball, location: 2F 0-2: Foul Ball, location: 2F 0-2: Foul Ball, location: 2F 0-2: Strikes out looking
|
Top of the 1st over - 0 run(s), 0 hit(s), 0 error(s), 0 left on base; Salt Lake City 0 - Bangor Trident Base 0 |
BOTTOM OF THE 1ST |
Bangor Trident Base Ogres batting - Pitching for Salt Lake City Buzz : RHP Jim Unknown
|
Pitching: RHP Jim Unknown
|
|
Batting: RHB Jim Unknown
|
0-0: Called Strike 0-1: Ground out 6-3 (Groundball, 56)
|
Batting: RHB Jim Unknown
|
0-0: Called Strike 0-1: Ball 1-1: Ball 2-1: Ball 3-1: Called Strike 3-2: Foul Ball, location: 2F 3-2: Foul Ball, location: 2F 3-2: Base on Balls
|
Batting: RHB Joe Craig
|
0-0: Ball 1-0: Fly out, F8 (Flyball, 8RM)
|
Batting: RHB Jake Hutchinson
|
0-0: Ball 1-0: Ground out U3 (Groundball, 3)
|
Bottom of the 1st over - 0 run(s), 0 hit(s), 0 error(s), 1 left on base; Salt Lake City 0 - Bangor Trident Base 0 |
TOP OF THE 2ND |
Salt Lake City Buzz batting - Pitching for Bangor Trident Base Ogres : RHP Jim Unknown
|
Batting: SHB Wayne Saunders
|
0-0: Ground out 6-3 (Groundball, 6)
|
Batting: RHB Don MacNeilage
|
0-0: Called Strike 0-1: Ball 1-1: Foul Ball, location: 2F 1-2: Ground out 5-3 (Groundball, 56)
|
Batting: RHB Bernardo Cruz
|
0-0: Ball 1-0: Swinging Strike 1-1: Swinging Strike 1-2: Ball 2-2: Ball 3-2: Foul Ball, location: 2F 3-2: Ground out 6-3 (Groundball, 6M)
|
Top of the 2nd over - 0 run(s), 0 hit(s), 0 error(s), 0 left on base; Salt Lake City 0 - Bangor Trident Base 0 |
BOTTOM OF THE 2ND |
Bangor Trident Base Ogres batting - Pitching for Salt Lake City Buzz : RHP Jim Unknown
|
Batting: RHB Jim Unknown
|
0-0: Foul Ball, location: 2F 0-1: Ball Error on foul ball, E2 1-2: Fly out, F8 (Flyball, 8LD)
|
Batting: RHB Jim Unknown
|
0-0: Ball 1-0: Called Strike 1-1: Foul Ball, location: 2F 1-2: Foul Ball, location: 2F 1-2: Ball 2-2: SINGLE (Line Drive, 5D)
|
Batting: SHB Jim Unknown
|
0-0: Ground out 5-3 (Groundball, 56S) Jim Unknown to second
|
Batting: LHB Jim Unknown
|
0-0: Ball 1-0: Ball 2-0: Ball 3-0: Base on Balls
|
Batting: LHB Jim Unknown
|
0-0: Called Strike 0-1: Swinging Strike 0-2: Strikes out swinging
|
Bottom of the 2nd over - 0 run(s), 1 hit(s), 1 error(s), 2 left on base; Salt Lake City 0 - Bangor Trident Base 0 |
TOP OF THE 3RD |
Salt Lake City Buzz batting - Pitching for Bangor Trident Base Ogres : RHP Jim Unknown
|
Batting: LHB George Huffman
|
0-0: Foul Ball, location: 2F 0-1: Ball 1-1: Ball 2-1: Called Strike 2-2: Ball 3-2: Base on Balls
|
Batting: RHB Patrick Clark
|
0-0: Called Strike 0-1: Foul Ball, location: 2F 0-2: Fly out, F7 (Flyball, 7LS)
|
Batting: SHB Shelby Reusch
|
0-0: Ball 1-0: Grounds into double play, 6-4-3 (Groundball, 6)
|
Top of the 3rd over - 0 run(s), 0 hit(s), 0 error(s), 0 left on base; Salt Lake City 0 - Bangor Trident Base 0 |
BOTTOM OF THE 3RD |
Bangor Trident Base Ogres batting - Pitching for Salt Lake City Buzz : RHP Jim Unknown
|
Batting: RHB Jim Unknown
|
0-0: Swinging Strike 0-1: Ground out 1-3 (Groundball, 15S)
|
Batting: RHB Jim Unknown
|
0-0: Ground out 6-3 (Groundball, 6)
|
Batting: RHB Joe Craig
|
0-0: Called Strike 0-1: Ball 1-1: Ground out 6-3 (Groundball, 6)
|
Bottom of the 3rd over - 0 run(s), 0 hit(s), 0 error(s), 0 left on base; Salt Lake City 0 - Bangor Trident Base 0 |
TOP OF THE 4TH |
Salt Lake City Buzz batting - Pitching for Bangor Trident Base Ogres : RHP Jim Unknown
|
Batting: RHB Roberto Ríos
|
0-0: Ball 1-0: Swinging Strike 1-1: Ball 2-1: Foul Ball, location: 2F 2-2: Fly out, F9 (Flyball, 89M)
|
Batting: RHB Ichiyo Fujii
|
0-0: Ground out 6-3 (Groundball, 6M)
|
Batting: SHB Raymond Bright
|
0-0: Called Strike 0-1: Called Strike 0-2: Ball 1-2: Foul Ball, location: 2F 1-2: Foul Ball, location: 2F 1-2: Ground out U3 (Groundball, 3L)
|
Top of the 4th over - 0 run(s), 0 hit(s), 0 error(s), 0 left on base; Salt Lake City 0 - Bangor Trident Base 0 |
BOTTOM OF THE 4TH |
Bangor Trident Base Ogres batting - Pitching for Salt Lake City Buzz : RHP Jim Unknown
|
Batting: RHB Jake Hutchinson
|
0-0: Foul Ball, location: 2F 0-1: Ball 1-1: Ball 2-1: Ball 3-1: Base on Balls
|
Batting: RHB Jim Unknown
|
0-0: Ground out 4-3 (Groundball, 4M) Jake Hutchinson to second
|
Batting: RHB Jim Unknown
|
0-0: Ball 1-0: Called Strike 1-1: Ball 2-1: Ball 3-1: Base on Balls
|
Batting: SHB Jim Unknown
|
0-0: Ball 1-0: Called Strike 1-1: Foul Ball, location: 2F 1-2: Grounds into double play, 6-4-3 (Groundball, 6)
|
Bottom of the 4th over - 0 run(s), 0 hit(s), 0 error(s), 1 left on base; Salt Lake City 0 - Bangor Trident Base 0 |
TOP OF THE 5TH |
Salt Lake City Buzz batting - Pitching for Bangor Trident Base Ogres : RHP Jim Unknown
|
Batting: SHB Wayne Saunders
|
0-0: Called Strike 0-1: Ball 1-1: Ball 2-1: Ball 3-1: Base on Balls
|
Batting: RHB Don MacNeilage
|
0-0: Ball 1-0: Ball 2-0: Fly out, F3 (Popup, 3SF)
|
Batting: RHB Bernardo Cruz
|
0-0: Called Strike 0-1: Grounds into double play, 4-6-3 (Groundball, 34)
|
Top of the 5th over - 0 run(s), 0 hit(s), 0 error(s), 0 left on base; Salt Lake City 0 - Bangor Trident Base 0 |
BOTTOM OF THE 5TH |
Bangor Trident Base Ogres batting - Pitching for Salt Lake City Buzz : RHP Jim Unknown
|
Batting: LHB Jim Unknown
|
0-0: DOUBLE (Flyball, 89D)
|
Batting: LHB Jim Unknown
|
0-0: Ball 1-0: Ball 2-0: Called Strike 2-1: Ball 3-1: Base on Balls
|
Batting: RHB Jim Unknown
|
0-0: Sac Bunt - play at first, batter OUT! 5-4 Jim Unknown to third Jim Unknown to second
|
Batting: RHB Jim Unknown
|
0-0: Ball 1-0: Ball 2-0: Swinging Strike 2-1: Foul Ball, location: 2F 2-2: Ball 3-2: Fly out, F5 (Popup, 5F)
|
Batting: RHB Joe Craig
|
0-0: Called Strike 0-1: Ball 1-1: Foul Ball, location: 2F 1-2: Strikes out swinging
|
Bottom of the 5th over - 0 run(s), 1 hit(s), 0 error(s), 2 left on base; Salt Lake City 0 - Bangor Trident Base 0 |
TOP OF THE 6TH |
Salt Lake City Buzz batting - Pitching for Bangor Trident Base Ogres : RHP Jim Unknown
|
Batting: LHB George Huffman
|
0-0: Swinging Strike 0-1: Called Strike 0-2: SINGLE (Line Drive, 34D)
|
Batting: RHB Patrick Clark
|
0-0: Bunt missed! 0-1: Bunted foul 0-2: Ball 1-2: Ball 2-2: Foul Ball, location: 2F 2-2: Ball 3-2: Base on Balls George Huffman to second
|
Batting: SHB Shelby Reusch
|
0-0: Sac Bunt - play at first, batter OUT! 1-4 George Huffman to third Patrick Clark to second
|
Batting: RHB Roberto Ríos
|
0-0: Ball 1-0: Foul Ball, location: 2F 1-1: Ball 2-1: Foul Ball, location: 2F 2-2: Fly out, F5 (Line Drive, 5L)
|
Batting: RHB Ichiyo Fujii
|
0-0: SINGLE (Line Drive, 6M) George Huffman scores Patrick Clark to third Runner from 3rd tries for Home, SAFE, throw made home Ichiyo Fujii to second
|
Batting: SHB Raymond Bright
|
0-0: Called Strike 0-1: Swinging Strike 0-2: Ball 1-2: Ball 2-2: Foul Ball, location: 2F 2-2: Foul Ball, location: 2F 2-2: Foul Ball, location: 2F 2-2: Ball 3-2: Base on Balls
|
Batting: SHB Wayne Saunders
|
0-0: Ball 1-0: Called Strike 1-1: SINGLE (Groundball, 34D) Ichiyo Fujii to third Raymond Bright to second Runner from 3rd tries for Home, SAFE, no throw or cutoff
|
Batting: RHB Don MacNeilage
|
0-0: Called Strike 0-1: Fly out, F8 (Flyball, 8LXD)
|
Top of the 6th over - 3 run(s), 3 hit(s), 0 error(s), 2 left on base; Salt Lake City 3 - Bangor Trident Base 0 |
BOTTOM OF THE 6TH |
Bangor Trident Base Ogres batting - Pitching for Salt Lake City Buzz : RHP Jim Unknown
|
Batting: RHB Jake Hutchinson
|
0-0: Foul Ball, location: 2F 0-1: Ball 1-1: Swinging Strike 1-2: Foul Ball, location: 2F 1-2: Strikes out swinging
|
Batting: RHB Jim Unknown
|
0-0: Called Strike 0-1: Fly out, F8 (Flyball, 8LXD)
|
Batting: RHB Jim Unknown
|
0-0: Ball 1-0: Foul Ball, location: 2F 1-1: Ball 2-1: Foul Ball, location: 2F 2-2: Foul Ball, location: 2F 2-2: Foul Ball, location: 2F 2-2: Fly out, F8 (Flyball, 89D)
|
Bottom of the 6th over - 0 run(s), 0 hit(s), 0 error(s), 0 left on base; Salt Lake City 3 - Bangor Trident Base 0 |
TOP OF THE 7TH |
Salt Lake City Buzz batting - Pitching for Bangor Trident Base Ogres : RHP Jim Unknown
|
Batting: RHB Bernardo Cruz
|
0-0: SINGLE (Flyball, 7S)
|
Batting: LHB George Huffman
|
0-0: Ball 1-0: Reached on error, E5 (Groundball, 56S) Bernardo Cruz to third
|
Pitching: RHP Jim Unknown
|
|
Batting: RHB Patrick Clark
|
0-0: Ball 1-0: Called Strike 1-1: Called Strike 1-2: Ball 2-2: Foul Ball, location: 2F 2-2: Strikes out swinging
|
Batting: SHB Shelby Reusch
|
0-0: Ball 1-0: Ball 2-0: Swinging Strike 2-1: Foul Ball, location: 2F 2-2: Ball 3-2: Strikes out swinging
|
Batting: RHB Roberto Ríos
|
0-0: Fly out, F5 (Line Drive, 5)
|
Top of the 7th over - 0 run(s), 1 hit(s), 1 error(s), 2 left on base; Salt Lake City 3 - Bangor Trident Base 0 |
BOTTOM OF THE 7TH |
Bangor Trident Base Ogres batting - Pitching for Salt Lake City Buzz : RHP Jim Unknown
|
Batting: SHB Jim Unknown
|
0-0: Ball 1-0: Called Strike 1-1: Ball 2-1: DOUBLE (Flyball, 8LM)
|
Batting: LHB Jim Unknown
|
0-0: Foul Ball, location: 2F 0-1: Called Strike 0-2: Foul Ball, location: 2F 0-2: Ball 1-2: Foul Ball, location: 2F 1-2: Strikes out looking
|
Batting: LHB Jim Unknown
|
0-0: Ball 1-0: Called Strike 1-1: Ground out 6-3 (Groundball, 6MS) Jim Unknown to third
|
Batting: RHB Jim Unknown
|
0-0: Swinging Strike 0-1: Ball 1-1: Ball 2-1: Foul Ball, location: 2F 2-2: Fly out, F9 (Flyball, 9M)
|
Bottom of the 7th over - 0 run(s), 1 hit(s), 0 error(s), 1 left on base; Salt Lake City 3 - Bangor Trident Base 0 |
TOP OF THE 8TH |
Salt Lake City Buzz batting - Pitching for Bangor Trident Base Ogres : RHP Jim Unknown
|
Batting: RHB Ichiyo Fujii
|
0-0: Fly out, F5 (Popup, 5SF)
|
Batting: SHB Raymond Bright
|
0-0: Called Strike 0-1: Called Strike 0-2: Strikes out swinging
|
Batting: SHB Wayne Saunders
|
0-0: Called Strike 0-1: Foul Ball, location: 2F 0-2: Ball 1-2: SINGLE (Line Drive, 4M)
|
Batting: RHB Don MacNeilage
|
0-0: Called Strike 0-1: Foul Ball, location: 2F 0-2: Strikes out swinging
|
Top of the 8th over - 0 run(s), 1 hit(s), 0 error(s), 1 left on base; Salt Lake City 3 - Bangor Trident Base 0 |
BOTTOM OF THE 8TH |
Bangor Trident Base Ogres batting - Pitching for Salt Lake City Buzz : RHP Jim Unknown
|
Batting: RHB Jim Unknown
|
0-0: Foul Ball, location: 2F 0-1: Ball 1-1: Ball 2-1: Ball 3-1: Called Strike 3-2: Fly out, F9 (Flyball, 89M)
|
Batting: RHB Joe Craig
|
0-0: Ball 1-0: Swinging Strike 1-1: Foul Ball, location: 2F 1-2: Foul Ball, location: 2F 1-2: Strikes out swinging
|
Batting: RHB Jake Hutchinson
|
0-0: Called Strike 0-1: Ball 1-1: SINGLE (Line Drive, 7LS)
|
Batting: RHB Jim Unknown
|
0-0: Ball 1-0: Foul Ball, location: 2F 1-1: Foul Ball, location: 2F 1-2: Foul Ball, location: 2F 1-2: Foul Ball, location: 2F 1-2: Ball 2-2: Ball 3-2: Ground out 6-3 (Groundball, 6)
|
Bottom of the 8th over - 0 run(s), 1 hit(s), 0 error(s), 1 left on base; Salt Lake City 3 - Bangor Trident Base 0 |
TOP OF THE 9TH |
Salt Lake City Buzz batting - Pitching for Bangor Trident Base Ogres : RHP Jim Unknown
|
Batting: RHB Bernardo Cruz
|
0-0: Fly out, F4 (Popup, 3F)
|
Batting: LHB George Huffman
|
0-0: Foul Ball, location: 2F 0-1: Foul Ball, location: 2F 0-2: Ball 1-2: Foul Ball, location: 2F 1-2: Ball 2-2: Ball 3-2: Base on Balls
|
Batting: RHB Patrick Clark
|
0-0: Ball 1-0: Ball 2-0: Ball 3-0: Base on Balls George Huffman to second
|
Batting: SHB Shelby Reusch
|
0-0: Foul Ball, location: 2F 0-1: Ball 1-1: Called Strike 1-2: Grounds into double play, 5-4-3 (Groundball, 56)
|
Top of the 9th over - 0 run(s), 0 hit(s), 0 error(s), 1 left on base; Salt Lake City 3 - Bangor Trident Base 0 |
BOTTOM OF THE 9TH |
Bangor Trident Base Ogres batting - Pitching for Salt Lake City Buzz : RHP Jim Unknown
|
Pitching: RHP Emílio Zaragoza
|
|
Batting: RHB Jim Unknown
|
0-0: Called Strike 0-1: Ball 1-1: Foul Ball, location: 2F 1-2: Ball 2-2: Strikes out looking
|
Batting: SHB Jim Unknown
|
0-0: Ground out 3-1 (Groundball, 34)
|
Batting: LHB Jim Unknown
|
0-0: Called Strike 0-1: Ball 1-1: DOUBLE (Flyball, 89XD)
|
Batting: LHB Jim Unknown
|
0-0: Ball 1-0: Ball 2-0: Ball 3-0: Base on Balls
|
Batting: RHB Jim Unknown
|
0-0: Foul Ball, location: 2F 0-1: Ball 1-1: Ball 2-1: Ground out 5-3 (Groundball, 56S)
|
Bottom of the 9th over - 0 run(s), 1 hit(s), 0 error(s), 2 left on base; Salt Lake City 3 - Bangor Trident Base 0 |
|